 Dungeon Crawl Stone Soup version 0.30-a0-772-g5528072125 (webtiles) character file.

Game seed: 18319211113891140863

42 bande the Covered (level 3, 0/24 HPs)
             Began as a Gargoyle Fighter on Feb 12, 2023.
             Slain by an ogre
             ... wielding a +0 giant club
              (9 damage)
             ... on level 4 of the Dungeon.
             The game lasted 00:02:03 (995 turns).

bande the Covered (Gargoyle Fighter)                 Turns: 995, Time: 00:02:03

Health: 0/24       AC: 11    Str: 19    XL:     3   Next: 56%
Magic:  3/3        EV:  9    Int:  8    God:
Gold:   67         SH:  4    Dex: 11    Spells: 2/2 levels left

rFire   . . .      SeeInvis .    a - +0 war axe
rCold   . . .      Faith    .    c - +0 buckler
rNeg    + . .      Spirit   .    b - +0 scale mail
rPois   ∞          Reflect  .    h - +0 helmet
rElec   +          Harm     .    (no cloak)
rCorr   .          Rampage  .    (no gloves)
Will    .....                    (no boots) Stlth
                                 (no amulet)
HPRegen 0.24/turn                (no ring)
MPRegen 0.08/turn                (no ring)

@: mighty
A: sickness immunity, AC +3, negative energy resistance 1, electricity
resistance, torment resistance 1, petrification resistance
a: no special abilities


You were on level 4 of the Dungeon.
You visited 1 branch of the dungeon, and saw 3 of its levels.

You collected 67 gold pieces.

Inventory:

Hand Weapons
 a - a +0 war axe (weapon)
Armour
 b - a +0 scale mail (worn)
 c - a +0 buckler (worn)
 h - a +0 helmet (worn)
Scrolls
 f - a scroll of teleportation
 j - a scroll of poison
 l - a scroll of identify
Potions
 e - a potion of invisibility {unknown}
 g - 2 potions of curing {unknown}
 i - a potion of flight
 k - a potion of degeneration {unknown}


   Skills:
 + Level 3.7 Fighting
 + Level 2.1 Axes
 + Level 4.0 Armour
 + Level 3.6 Shields


You had 2 spell levels left.
You didn't know any spells.
Your spell library contained the following spells:

 Spells                   Type           Power      Damage    Failure   Level
 Apportation              Tloc           0%         N/A       86%         1
 Alistair's Intoxication  Tmut/Pois      0%         N/A       100%        5


Dungeon Overview and Level Annotations

Branches:
Dungeon (2/15)

Altars:


Innate Abilities, Weirdness & Mutations

You are immune to sickness and miasma.
Your stone body is resilient. (AC +3)
You are immune to poison.
You resist negative energy. (rN+)
You are resistant to electric shocks. (rElec)
You are resistant to unholy torment.
You are immune to petrification.


Message History

You slash the worm!
The worm is heavily wounded.
The worm bites you.
You slash the worm!
You kill the worm!
No target in view!
No target in view!
No target in view!
No target in view!
No target in view!
You see here a worm corpse.
k - a smoky silvery potion
Found a stone staircase leading down.
A sourceless malevolence fills the Dungeon...
You fall into a shaft and drop 2 floors!
The shaft crumbles and collapses.
You open the door.
There is an open door here.
l - a scroll of identify An ogre comes into view.
It is wielding a +0 giant club.
An ogre is nearby!
An endoplasm comes into view.
The endoplasm quivers.
The ogre shouts!
You hear an angry hiss.
An adder comes into view.
You feel very mighty all of a sudden. You block the ogre's attack.
You barely miss the ogre. You slash the adder!
You kill the adder!
The ogre hits you with a +0 giant club!
Ouch! That really hurt!
Your Armour skill increases to level 4!
You slash the ogre!
The ogre is moderately wounded.
You slash the ogre!
The ogre is almost dead.
You hit the endoplasm.
You kill the endoplasm!
The ogre hits you with a +0 giant club!
You die...

#....'...#
#....#...#
#....#...#
#....###.#
#....###.#
#......#..
#......#...
#.....##
... #.@...#
#.O...#
#.........
#.........
#.........
#.........
#.....####
#'#####


You could see an ogre.

Vanquished Creatures
  An adder (D:4)
  A worm (D:2)
  A dart slug (D:1)
  3 ball pythons
  3 endoplasms
  2 giant cockroaches
  3 goblins
  2 hobgoblins
  2 kobolds
  A quokka (D:1)
  5 bats
  3 frilled lizards
  2 rats (D:1)
29 creatures vanquished.

Notes
Turn   | Place    | Note
-------+----------+-------------------------------------------
     0 | D:1      | bande the Gargoyle Fighter began the quest for the Orb.
     0 | D:1      | Reached XP level 1. HP: 14/14 MP: 1/1
   103 | D:1      | Reached XP level 2. HP: 15/19 MP: 2/2
   162 | D:1      | Found a faded altar of an unknown god.
   759 | D:2      | Reached XP level 3. HP: 23/23 MP: 3/3
   977 | D:2      | You fall into a shaft and drop 2 floors!
   988 | D:4      | Noticed an ogre
   994 | D:4      | Reached skill level 4 in Armour
   995 | D:4      | Slain by an ogre

Illustrated notes

Levels and vault maps discovered:
D:1:      ncdulo_wetmaze, layout_loops_ring, basic_ecumenical_altar
D:2:      layout_loops_cross
D:4:      layout_gridville, okawaru_trees_2

Skill      XL: |  1  2  3 |
---------------+----------+-----
Axes           | 2 |  2.1
Armour         | 4 |  4.0
Fighting       | |  3.7
Shields        | |  3.6

Action                     || total
---------------------------++-------
  Melee: War axe           ||    58
    Use: Scroll            ||     6
         Potion            ||     1
 Armour: Scale mail        ||    39
  Dodge: Dodged            ||    30
  Block: Buckler           ||     7

Table legend: (Time is in decaauts)
 A = Elapsed time spent in this place.
 B = Non-inter-level travel time spent in this place.
 C = Inter-level travel time spent in this place.
 D = Time resting spent in this place.
 E = Time spent auto-exploring this place.
 F = Levels seen in this place.
 G = Mean time per level.
                   A        B        C        D        E       F      G
               +--------+--------+--------+--------+--------+-----+--------+
         Total |   1026 |   1014 |     12 |      0 |    789 |   3 |  342.0 |
       Dungeon |   1026 |   1014 |     12 |      0 |    789 |   3 |  342.0 |
               +--------+--------+--------+--------+--------+-----+--------+

Top non-repeatable levels by time:
     D:1: 676 daAuts
     D:2: 332 daAuts
     D:4: 18 daAuts
